 Dungeon Crawl Stone Soup version 0.29-a0-323-g050149af67 (webtiles) character file.

Game seed: 2471327582526577425

28497 spaghetti the Basher (level 13, -2/96 HPs)
             Began as a Demonspawn Berserker on Apr 11, 2022.
             Was an Elder of Trog.
             Slain by a death yak (59 damage)
             ... on level 6 of the Lair of Beasts.
             The game lasted 00:21:33 (13236 turns).

spaghetti the Basher (Demonspawn Berserker)        Turns: 13236, Time: 00:21:34

Health: -2/96      AC: 21    Str: 30    XL:     13   Next: 10%
Magic:  13/13      EV:  2    Int: 12    God:    Trog [****..]
Gold:   148        SH:  0    Dex: 16    Spells: 12/12 levels left

rFire   + . .      SeeInvis .   D - +3 morningstar (distort) {!wmace}
rCold   . . .      Faith    .   f - +0 buckler
rNeg    . . .      Spirit   .   h - +2 chain mail "Lafar" {Str+4 Stlth+}
rPois   +          Reflect  .   Q - +2 helmet of Ymiofam {rF+ rCorr Int+4}
rElec   +          Harm     .   J - +1 cloak {Will+}
rCorr   +          Rampage  .   T - +2 pair of gloves {Stlth+}
Will    +....                   (no boots)
Stlth   ++........              (no amulet)
HPRegen 0.26/turn               x - +6 ring of strength
MPRegen 0.13/turn               n - ring of poison resistance

@: sleeping, on berserk cooldown, slowed
A: hooves 1, ignite blood 2, spiny 1, sturdy frame 3, electricity resistance,
MP-powered wands
a: Renounce Religion, Berserk, Trog's Hand, Brothers in Arms


You were on level 6 of the Lair of Beasts.
You worshipped Trog.
Trog was greatly pleased with you.
You visited 2 branches of the dungeon, and saw 15 of its levels.

You collected 658 gold pieces.
You spent 510 gold pieces at shops.


Innate Abilities, Weirdness & Mutations

You have large cloven feet.
Your demonic aura often causes spilled blood to erupt in flames.
You are partially covered in sharp spines.
Your movements are significantly less encumbered by armour. (ER -6)
You are resistant to electric shocks. (rElec)
You expend magic power (3 MP) to strengthen your wands.


   Skills:
 - Level 7.3 Fighting
 * Level 14.4 Maces & Flails
 - Level 8.0 Throwing
 + Level 6.8 Armour
 * Level 9.4 Dodging


You had 12 spell levels left.
You didn't know any spells.
Your spell library contained the following spells:

 Spells                   Type           Power      Damage    Failure   Level
 Blink                    Tloc           0%         N/A       75%         2
 Corpse Rot               Necr/Air       0%         N/A       75%         2
 Poisonous Vapours        Pois/Air       0%         N/A       75%         2
 Static Discharge         Conj/Air       0%         N/A       75%         2
 Call Canine Familiar     Summ           0%         N/A       93%         3
 Portal Projectile        Hex/Tloc       0%         N/A       93%         3
 Leda's Liquefaction      Hex/Erth       0%         N/A       100%        4
 Lee's Rapid Deconstruct  Erth           0%         3d5*      100%        5
 Lightning Bolt           Conj/Air       0%         1d11      100%        5
 Manifold Assault         Tloc           0%         N/A       100%        5
 Statue Form              Tmut/Erth      0%         N/A       100%        6
 Storm Form               Tmut/Air       0%         N/A       100%        7
 Maxwell's Capacitive Co  Air            0%         ∞         100%        8

Inventory:

Hand Weapons
 D - a +3 morningstar of distortion (weapon) {!wmace}
   (You took it off Maggie on level 6 of the Dungeon)
Missiles
 a - 3 javelins {throwing}
 c - 390 stones (quivered) {throwing}
 e - 4 boomerangs {throwing}
 i - 28 poisoned darts {throwing}
Armour
 f - a +0 buckler (worn)
   (You took it off a spriggan on level 6 of the Lair of Beasts)
 h - the +2 chain mail "Lafar" (worn) {Str+4 Stlth+}
   (You found it on level 8 of the Dungeon)

   Str:       It affects your strength (+4).
   Stlth:     It makes you more stealthy.
 l - the +5 robe of Misfortune {Harm *Corrode *Slow EV+5}
   (You found it on level 2 of the Dungeon)

   EV:        It affects your evasion (+5).
   *Corrode:  It may corrode you when you take damage.
   *Slow:     It may slow you when you take damage.
   Harm:      It increases damage dealt and taken.
 J - a +1 cloak of willpower (worn)
   (You found it on level 6 of the Lair of Beasts)
 Q - the +2 helmet of Ymiofam (worn) {rF+ rCorr Int+4}
   (You bought it in a shop on level 5 of the Dungeon)

   Int:       It affects your intelligence (+4).
   rF:        It protects you from fire.
   rCorr:     It protects you from acid and corrosion.
 T - a +2 pair of gloves of stealth (worn)
   (You bought it in a shop on level 5 of the Dungeon)
Magical Staves
 S - a staff of poison {forbidden!astaff}
   (You found it on level 11 of the Dungeon)
Jewellery
 b - a +6 ring of intelligence
   (You found it on level 6 of the Dungeon)
 n - a ring of poison resistance (right hand)
   (You found it on level 2 of the Dungeon)
 x - a +6 ring of strength (left hand)
   (You found it on level 4 of the Dungeon)
 P - a ring of protection from fire
   (You found it on level 10 of the Dungeon)
 R - a ring of protection from fire
   (You found it on level 11 of the Dungeon)
Wands
 r - a wand of flame (12)
   (You took it off Ijyb on level 5 of the Dungeon)
 C - a wand of digging (4)
   (You found it on level 8 of the Dungeon)
 E - a wand of paralysis (7)
   (You took it off Maggie on level 6 of the Dungeon)
 H - a wand of iceblast (7)
   (You found it on level 6 of the Dungeon)
 K - a wand of charming (6)
   (You found it on level 9 of the Dungeon)
 L - a wand of mindburst (1)
   (You took it off Maurice on level 9 of the Dungeon)
 U - a wand of polymorph (2)
   (You found it on level 1 of the Lair of Beasts)
Scrolls
 d - 3 scrolls of noise {!r}
 j - 5 scrolls of blinking {!r}
 p - 2 scrolls of silence {!r}
 q - 2 scrolls of teleportation {@r4}
 y - a scroll of brand weapon
 G - 2 scrolls of fog
 M - a scroll of holy word {!r}
 N - 2 scrolls of vulnerability {!r!r}
 V - a scroll of magic mapping {!r}
 W - a scroll of identify {@r1}
Potions
 g - a potion of lignification {!q}
 k - 2 potions of berserk rage {!q}
 m - 5 potions of curing {@q1}
 o - 2 potions of brilliance {unknown}
 s - 3 potions of haste {unknown}
 t - 3 potions of attraction {unknown}
 u - a potion of ambrosia {unknown}
 v - a potion of invisibility {unknown}
 w - 2 potions of might {unknown}
 z - a potion of heal wounds {unknown}
 A - 2 potions of magic {unknown}
 F - 2 potions of mutation {!q}
 I - 3 potions of cancellation {unknown}
 X - a potion of resistance
 Y - a potion of flight {unknown}

Dungeon Overview and Level Annotations

Branches:
Dungeon (11/15)            Temple (0/1) D:5            Lair (3/6) D:11
    Orc (0/2) D:9
  Swamp: Lair:2-4    Shoals: Lair:2-4     Snake: Lair:2-4    Spider: Lair:2-4

Altars:
Fedhas
Yredelemnul
Beogh

Shops:
D:5 [(   D:9 =

Annotations:
D:5 2 transporters
Abyss:1 Amaemon

....... ..♣ ..... ......
♣.♣ .Y... .... ♣.♣♣
.YY... ##..## ♣♣).♣♣
...... #.#†.## ♣.♣..♣
....Y.# ##....### ♣.♣♣♣†
P.....P #....##.## ♣♣.♣
♣♣ .......####......♣♣
♣.♣♣ ♣
$.....Y...l@.....P♣♣♣♣.♣
♣
......###.Y°Y.......#.♣♣
..... #..☼...........♣ ♣
.Y.. #.Y............♣ ♣♣
#.. #..<..........#♣ ♣.
#Y ........[......# ♣♣.
. ..............## ♣♣..
...............♣ ♣..♣
.........♣♣ ♣♣.♣♣


You could see 2 death yaks, a komodo dragon and 2 dream sheep.


Message History

The fungus begins to die.
The death yak gores you. 😕 HP[-3]
You take 3 damage, and now have 129/132 hp.
You barely miss the death yak.
The fungus is engulfed in blazing flames.
You hit the death yak but do no damage.
The death yak blinks!
The fungus is engulfed in blazing flames.
You impale the death yak!!
Space warps around the death yak.
Your kick misses the death yak.
You hear a bellow!
The fungus is engulfed in blazing flames.
You hear an angry hiss. 😕 HP[+1]
You hit the death yak.
The death yak blinks!
The fungus is engulfed in blazing flames.
You bludgeon the death yak!!
Space warps around the death yak.
Your kick misses the death yak.
You hear a bleat!
The fungus is engulfed in blazing flames.
You puncture the death yak!
Space warps around the death yak.
You kick the death yak, but do no damage.
The fungus is engulfed in blazing flames.
A nearby fungus withers and dies.
You block the death yak's attack.
You sock the death yak!
The death yak blinks!
The death yak bellows!
You hear a bleat! 😕 HP[+1]
You puncture the death yak!
Space warps around the death yak.
You kick the death yak.
The death yak is engulfed in blazing flames.
The death yak gores you!
The death yak is engulfed in blazing flames.
The death yak gores you but does no damage.
The death yak is engulfed in blazing flames. 😕 HP[-11]
You take 11 damage, and now have 120/132 hp.
You puncture the death yak! You hit the death yak but do no damage.
Space warps around the death yak.
You kick the death yak!
You kill the death yak!
Trog accepts your kill.
The death yak is engulfed in blazing flames.
The death yak is struck by your spines.
You kill the death yak!
Trog accepts your kill.
The death yak is engulfed in blazing flames.
The death yak barely misses you.
Your life force feels restored.
You have reached level 13!
Your demonic ancestry asserts itself...
You feel less encumbered by your armour. 😕 HP[+7] MP[+1]
You now have 144 max hp (+12).
You regained 7 hp, and now have 127/144 hp.
Your mp is fully restored (13).
You puncture the death yak! You kick the death yak. You sock the death yak!
Your kick misses the death yak.
The death yak blinks!
You bludgeon the death yak!!
You kill the death yak!
Trog accepts your kill. 😕 HP[+1]
You bludgeon the death yak!!
Space warps horribly around the death yak!
A komodo dragon comes into view.
You puncture the death yak!
You kick the death yak, but do no damage.
The death yak blinks!
You are no longer berserk.
You are exhausted.
You feel yourself slow down. 😕 HP[-43]
You now have 96 max hp (-48).
The death yak is engulfed in blazing flames.
The death yak gores you!
The death yak is engulfed in blazing flames.
The death yak gores you but does no damage.
A dream sheep comes into view. 😕 HP[-11]
You take 11 damage, and now have 74/96 hp.
You sock the death yak!
Space warps around the death yak!
You kick the death yak, but do no damage.
The death yak is engulfed in blazing flames.
The death yak is struck by your spines.
You kill the death yak!
Trog accepts your kill. The death yak is struck by your spines.
The death yak gores you! The death yak gores you.
Things that are here:
a +2 dagger of draining {short}; a +0 robe 😮 HP[-18]
You take 18 damage, and now have 56/96 hp.
You hit the death yak.
You kick the death yak, but do no damage.
The komodo dragon is engulfed in blazing flames.
The komodo dragon is struck by your spines.
The komodo dragon bites you but does no damage.
The dream sheep shake their wool and sparkle.
You feel drowsy...
You fall asleep.
The death yak gores you!!!
Ouch! That really hurt!
You die...

Skill      XL: |  1  2  3  4  5  6  7  8  9 10 11 12 |
---------------+-------------------------------------+-----
Maces & Flails | 3 4 5 6 7 9 11 12 13 14 | 14.4
Fighting       | 5 7 |  7.3
Throwing       | 3 6 7 8 |  8.0
Armour         | 3 5 6 |  6.8
Dodging        | 4 6 9 |  9.4

Action                   |  1- 3 |  4- 6 |  7- 9 | 10-12 | 13-15 || total
-------------------------+-------+-------+-------+-------+-------++-------
Melee: Mace              |    41 |   130 |    36 |       |       ||   207
       Punch             |       |     4 |     1 |     1 |       ||     6
       Kick              |       |       |    25 |   106 |     4 ||   135
       Morningstar       |       |       |    77 |   387 |     7 ||   471
       Club              |       |       |    16 |       |       ||    16
Throw: Stone             |       |    52 |   121 |   105 |       ||   278
       Dart              |       |       |     4 |       |       ||     4
Invok: Berserk           |     4 |     4 |     6 |    19 |       ||    33
       Trog's Hand       |       |       |     1 |     3 |       ||     4
       Brothers in Arms  |       |       |       |     1 |       ||     1
  Use: Potion            |       |     6 |       |     1 |       ||     7
       Scroll            |       |       |    10 |    10 |       ||    20
 Stab: Sleeping          |     3 |     1 |     2 |     1 |       ||     7
       Distracted        |       |       |       |     1 |       ||     1
Armor: Animal skin       |     5 |       |       |       |       ||     5
       Robe              |     5 |    32 |    19 |       |       ||    56
       Skin              |       |    33 |       |       |       ||    33
       Chain mail        |       |       |     2 |   164 |     2 ||   168
Dodge: Dodged            |    31 |    95 |    69 |   224 |       ||   419
Block: Buckler           |       |       |       |     8 |       ||     8

Levels and vault maps discovered:
D:1:      psy_arrival_dodecagon, layout_rooms, minmay_misc_feat_doors,
          roderic_roman_lattice, minmay_misc_feat_secret_circle
D:2:      layout_rooms, uniq_jessica
D:3:      layout_loops_cross, dreamdust_ecumenical_altar_grove, uniq_terence
D:4:      layout_basic, hangedman_abyss_or_decor_stabs, uniq_blork_the_orc
D:5:      gammafunk_wand_slinger, layout_rooms, minmay_temple_entry_ruins,
          cheibrodos_sewer_entry_bend, serial_shops, nicolae_shop_stone,
          nicolae_stop_n_shop_1, uniq_grinder, uniq_prince_ribbit1, uniq_ijyb
D:6:      layout_rooms, uniq_maggie
D:7:      layout_gridville, mainiacjoe_overflow_surrounded_room, uniq_joseph
D:8:      layout_loops_ring
D:9:      layout_loops_corners, minmay_orc_entry_temple_small,
          ebering_ghost_rock_garden, minmay_shop_enchanted_jewellery,
          uniq_maurice
D:10:     layout_gridville, yredelemnul_altar_generic
D:11:     layout_small_grid, minmay_lair_entry_grove,
          nrook_guardian_serpent_ordinary
Lair:1:   layout_regular_city, uniq_amaemon
Lair:2:   gammafunk_lair_enchanted_lake, layout_misc_corridors, minivault_19
Lair:3:   layout_hall_layers, serial_bayou_lagoon_a,
          chequers_serial_rivers_room_a, uniq_sonja, uniq_rupert, uniq_gastronok
Lair:6:   minmay_lair_end_enchanted_forest, layout_gridlike,
          nicolae_slime_entry_slimehenge, st_stairs_11

Notes
Turn   | Place    | Note
-------+----------+-------------------------------------------
     0 | D:1      | spaghetti the Demonspawn Berserker began the quest for the
                  | Orb.
     0 | D:1      | Reached XP level 1. HP: 18/18 MP: 1/1
     0 | D:1      | magus.rc [v1.9.6]
   206 | D:1      | Reached skill level 3 in Maces & Flails
   333 | D:1      | Gained mutation: You are partially covered in sharp spines.
                  | [demonic ancestry]
   333 | D:1      | Reached XP level 2. HP: 24/24 MP: 2/2
   442 | D:2      | Found the +5 robe of Misfortune {Harm *Corrode *Slow EV+5}
   443 | D:2      | Noticed Jessica
   609 | D:2      | Killed Jessica
   610 | D:2      | Reached skill level 4 in Maces & Flails
   610 | D:2      | Gained mutation: Your movements are slightly less
                  | encumbered by armour. (ER -2) [demonic ancestry]
   610 | D:2      | Reached XP level 3. HP: 29/29 MP: 3/3
   624 | D:2      | You add the spells Blink, Manifold Assault and Storm Form
                  | to your library.
  1050 | D:1      | Reached XP level 4. HP: 35/35 MP: 4/4
  1244 | D:2      | You pick up a book of the Hunter {forbidden} and begin
                  | reading...
  1244 | D:2      | You add the spells Call Canine Familiar, Portal Projectile
                  | and Leda's Liquefaction to your library.
  1493 | D:3      | Reached skill level 5 in Maces & Flails
  1727 | D:3      | Gained mutation: You are frail. (-10% HP) [potion of
                  | mutation]
  1727 | D:3      | Gained mutation: You are agile. (Dex +2) [potion of
                  | mutation]
  1727 | D:3      | Gained mutation: Your flesh is heat resistant. (rF+)
                  | [potion of mutation]
  1728 | D:3      | Lost mutation: You are agile. (Dex +2) [potion of mutation]
  1728 | D:3      | Lost mutation: You are frail. (-10% HP) [potion of
                  | mutation]
  1728 | D:3      | Lost mutation: Your flesh is heat resistant. (rF+) [potion
                  | of mutation]
  1737 | D:3      | Gained mutation: Your demonic aura sometimes causes spilled
                  | blood to erupt in flames. [demonic ancestry]
  1737 | D:3      | Reached XP level 5. HP: 30/41 MP: 5/5
  2012 | D:3      | Found a faded altar of an unknown god.
  2048 | D:3      | Reached ** piety under Trog
  2110 | D:3      | Noticed Terence
  2124 | D:3      | Killed Terence
  2331 | D:3      | Reached skill level 6 in Maces & Flails
  2602 | D:3      | Reached XP level 6. HP: 47/47 MP: 6/6
  2807 | D:4      | You pick up a book of Vapours {forbidden} and begin
                  | reading...
  2807 | D:4      | You add the spells Poisonous Vapours and Corpse Rot to your
                  | library.
  2877 | D:4      | Reached skill level 4 in Fighting
  2921 | D:4      | Reached skill level 5 in Fighting
  2921 | D:4      | Gained mutation: You have large cloven feet. [demonic
                  | ancestry]
  2921 | D:4      | Reached XP level 7. HP: 34/56 MP: 7/7
  3162 | D:4      | Reached skill level 6 in Fighting
  3271 | D:4      | Noticed Blork the orc
  3280 | D:4      | Killed Blork the orc
  3281 | D:4      | Reached skill level 7 in Fighting
  3630 | D:5      | Entered Level 5 of the Dungeon
  3651 | D:5      | Noticed Grinder
  3659 | D:5      | Killed Grinder
  3660 | D:5      | Reached skill level 7 in Maces & Flails
  3660 | D:5      | Reached XP level 8. HP: 67/67 MP: 8/8
  3670 | D:5      | Reached *** piety under Trog
  3750 | D:5      | Found a staircase to the Ecumenical Temple.
  3792 | D:5      | Reached skill level 8 in Maces & Flails
  3829 | D:5      | Found a transporter.
  3887 | D:5      | Noticed Ijyb
  3895 | D:5      | Killed Ijyb
  3923 | D:5      | Found Fihof's Antique Armour Shoppe.
  3959 | D:5      | Found Elaed's Antique Weapon Emporium.
  3960 | D:5      | Noticed Prince Ribbit
  3978 | D:5      | Killed Prince Ribbit
  3979 | D:5      | Reached skill level 9 in Maces & Flails
  4074 | D:5      | Found a transporter.
  4240 | D:6      | Noticed Maggie
  4254 | D:6      | Killed Maggie
  4255 | D:6      | Reached XP level 9. HP: 72/72 MP: 9/9
  4492 | D:6      | Reached skill level 10 in Maces & Flails
  5094 | D:7      | Reached skill level 1 in Throwing
  5190 | D:7      | Noticed Joseph
  5204 | D:7      | Killed Joseph
  5205 | D:7      | Reached skill level 2 in Throwing
  5431 | D:7      | Reached skill level 11 in Maces & Flails
  5542 | D:7      | Reached skill level 3 in Throwing
  5641 | D:7      | Found a blossoming altar of Fedhas.
  5869 | D:8      | Identified the +2 chain mail "Lafar" {Str+4 Stlth+}
  5960 | D:8      | Gained mutation: Your demonic aura often causes spilled
                  | blood to erupt in flames. [demonic ancestry]
  5960 | D:8      | Reached XP level 10. HP: 79/79 MP: 10/10
  5975 | D:8      | Reached skill level 2 in Armour
  5975 | D:8      | Reached skill level 2 in Dodging
  5986 | D:8      | Reached skill level 4 in Throwing
  6396 | D:8      | magus.rc [v1.9.6]
  6972 | D:9      | Found Ragynel's Jewellery Shop.
  7051 | D:9      | Reached skill level 3 in Dodging
  7141 | D:9      | Noticed Maurice
  7154 | D:9      | Killed Maurice
  7465 | D:9      | Found a staircase to the Orcish Mines.
  7569 | D:9      | Noticed a two-headed ogre
  7578 | D:9      | Killed a two-headed ogre
  7579 | D:9      | Reached skill level 5 in Throwing
  7579 | D:9      | Reached skill level 3 in Armour
  7735 | D:9      | Reached skill level 4 in Dodging
  7737 | D:9      | Reached **** piety under Trog
  7915 | D:9      | Found a runed translucent gate.
  7915 | D:9      | Found a runed translucent gate.
  7957 | D:9      | Found a runed translucent gate.
  7957 | D:9      | Noticed Drazool's ghost (novice DjWz)
  8145 | D:10     | Entered Level 10 of the Dungeon
  8328 | D:10     | You pick up a book of Lightning {forbidden} and begin
                  | reading...
  8328 | D:10     | You add the spells Static Discharge, Lightning Bolt and
                  | Maxwell's Capacitive Coupling to your library.
  8359 | D:10     | Gained mutation: You are resistant to electric shocks.
                  | (rElec) [potion of mutation]
  8359 | D:10     | Gained mutation: You expend magic power (3 MP) to
                  | strengthen your wands. [potion of mutation]
  8409 | D:10     | Reached skill level 12 in Maces & Flails
  8965 | D:5      | Bought a transparent helmet for 285 gold pieces
  8965 | D:5      | Identified the +2 helmet of Ymiofam {rF+ rCorr Int+4} (You
                  | bought it in a shop on level 5 of the Dungeon)
  9126 | D:9      | Killed Drazool's ghost
  9216 | D:10     | Found a basalt altar of Yredelemnul.
  9331 | D:10     | Noticed a two-headed ogre
  9335 | D:10     | Killed a two-headed ogre
  9336 | D:10     | Reached skill level 6 in Throwing
  9336 | D:10     | Gained mutation: Your movements are less encumbered by
                  | armour. (ER -4) [demonic ancestry]
  9336 | D:10     | Reached XP level 11. HP: 52/84 MP: 11/11
  9667 | D:11     | Reached skill level 5 in Dodging
  9778 | D:11     | Noticed a fire dragon
  9800 | D:11     | Killed a fire dragon
  9801 | D:11     | Reached skill level 4 in Armour
  9944 | D:11     | Noticed a two-headed ogre
  9948 | D:11     | Killed a two-headed ogre
  9953 | D:11     | Noticed a two-headed ogre
 10006 | D:11     | Killed a two-headed ogre
 10369 | D:11     | Reached skill level 7 in Throwing
 10369 | D:11     | Reached skill level 6 in Dodging
 10544 | D:11     | Found a staircase to the Lair.
 10738 | D:5      | Bought a pair of runed gloves for 225 gold pieces
 10924 | Lair:1   | Entered Level 1 of the Lair of Beasts
 10957 | Lair:1   | Noticed a five-headed hydra
 10965 | Lair:1   | Killed a five-headed hydra
 11083 | Lair:1   | You pick up a book of the Earth {forbidden} and begin
                  | reading...
 11083 | Lair:1   | You add the spells Lee's Rapid Deconstruction and Statue
                  | Form to your library.
 11206 | Lair:1   | Reached skill level 13 in Maces & Flails
 11206 | Lair:1   | Reached skill level 5 in Armour
 11368 | Lair:1   | Noticed Amaemon
 11381 | Lair:1   | Banished Amaemon
 11385 | Lair:1   | Reached XP level 12. HP: 91/91 MP: 12/12
 11894 | Lair:2   | Reached skill level 7 in Dodging
 12095 | Lair:2   | Reached skill level 8 in Throwing
 12217 | Lair:2   | Noticed a catoblepas
 12225 | Lair:2   | Banished a catoblepas
 12485 | Lair:3   | You fall into a shaft and drop 3 floors!
 12485 | Lair:6   | Entered Level 6 of the Lair of Beasts
 12528 | Lair:6   | Reached skill level 8 in Dodging
 12577 | Lair:6   | Reached skill level 6 in Armour
 12739 | Lair:6   | Reached skill level 14 in Maces & Flails
 13102 | Lair:6   | Reached skill level 9 in Dodging
 13204 | Lair:6   | Noticed a death yak
 13204 | Lair:6   | Noticed a death yak
 13205 | Lair:6   | Noticed a death yak
 13205 | Lair:6   | Noticed a death yak
 13205 | Lair:6   | Noticed a death yak
 13205 | Lair:6   | Noticed a death yak
 13227 | Lair:6   | Killed a death yak
 13227 | Lair:6   | Killed a death yak
 13228 | Lair:6   | Gained mutation: Your movements are significantly less
                  | encumbered by armour. (ER -6) [demonic ancestry]
 13228 | Lair:6   | Reached XP level 13. HP: 96/96 MP: 13/13
 13236 | Lair:6   | Slain by a death yak

Vanquished Creatures
  A fire dragon (D:11)
  A hydra (Lair:1)
  4 two-headed ogres
  4 death yaks (Lair:6)
  The ghost of Drazool the Magician, a novice DjWz (D:9)
  Joseph (D:7)
  Maurice (D:9)
  A torpor snail (Lair:2)
  5 elephants (Lair:6)
  A guardian serpent (D:11)
  3 cane toads
  An orange demon (Lair:1)
  Maggie (D:6)
  2 komodo dragons
  A polar bear (Lair:6)
  Grinder (D:5)
  Prince Ribbit (D:5)
  2 hornets (Lair:6)
  A dream sheep (Lair:6)
  4 blink frogs
  7 spriggans (Lair:6)
  A shadow (D:11)
  8 yaks
  4 wyverns
  3 basilisks
  A steam dragon (D:8)
  An acid dragon (D:11)
  3 sky beasts
  12 water moccasins
  7 black bears
  2 ice beasts
  An orc warrior (D:8)
  18 wolves
  3 boggarts (Lair:6)
  4 ogres
  2 centaurs
  3 phantoms
  2 kobold brigands
  Blork the orc (D:4)
  4 necrophages
  2 scorpions
  4 bullfrogs
  9 wights
  14 killer bees
  A howler monkey (D:11)
  A jelly (D:8)
  2 hounds
  6 orc priests
  Jessica (D:2)
  Ijyb (D:5)
  6 iguanas
  11 orc wizards
  Terence (D:3)
  6 gnolls
  8 adders
  4 white imps
  2 worms
  3 dart slugs
  27 orcs
  9 endoplasms
  4 giant cockroaches
  3 goblins
  7 hobgoblins
  3 quokkas
  3 ball pythons
  5 bats
  2 frilled lizards
  8 kobolds
  A rat (D:3)
278 creatures vanquished.

Vanquished Creatures (collateral kills)
  An elephant (Lair:6)
  A spriggan (Lair:6)
  A black bear (Lair:6)
  2 wolves (Lair:6)
5 creatures vanquished.

Vanquished Creatures (others)
  A bush (D:11)
  6 fungi
  16 plants
  8 toadstools (Lair:2)
31 creatures vanquished.

Grand Total: 314 creatures vanquished

Table legend:
 A = Non-vault XP
 B = Vault XP
 C = Vault XP percentage of total XP
 D = Non-vault monster count
 E = Vault monster count
 F = Vault count percentage of total count
                 A         B        C        D         E       F
            +---------+---------+-------+---------+---------+-------
      Total |   26713 |   13997 |  34.4 |     227 |      72 |  24.1
            +---------+---------+-------+---------+---------+-------
        D:1 |      27 |       0 |   0.0 |      14 |       0 |   0.0
        D:2 |      47 |      37 |  44.0 |      14 |       1 |   6.7
        D:3 |     275 |      30 |   9.8 |      26 |       1 |   3.7
        D:4 |     894 |      99 |  10.0 |      28 |       1 |   3.4
        D:5 |     523 |     609 |  53.8 |       9 |       3 |  25.0
        D:6 |     850 |     376 |  30.7 |      13 |       1 |   7.1
        D:7 |     848 |     486 |  36.4 |      17 |       1 |   5.6
        D:8 |    1395 |       0 |   0.0 |      22 |       0 |   0.0
        D:9 |    2154 |    1183 |  35.5 |      20 |      10 |  33.3
       D:10 |    1816 |       0 |   0.0 |      12 |       0 |   0.0
       D:11 |    4226 |    2153 |  33.8 |      12 |      13 |  52.0
     Lair:1 |    3476 |    1166 |  25.1 |      13 |       2 |  13.3
     Lair:2 |    3055 |     460 |  13.1 |      12 |       1 |   7.7
     Lair:6 |    7127 |    7398 |  50.9 |      15 |      38 |  71.7
            +---------+---------+-------+---------+---------+-------

Illustrated notes

Table legend:
 A = Kills in this place as a percentage of kills in entire the game.
 B = Kills by you in this place as a percentage of kills by you in the entire game.
 C = Kills by friends in this place as a percentage of kills by friends in the entire game.
 D = Other kills in this place as a percentage of other kills in the entire game.
 E = Experience gained in this place as a percentage of experience gained in the entire game.
 F = Experience gained in this place divided by the number of levels of this place that you have seen.
                   A       B       C       D       E      F
               +-------+-------+-------+-------+-------+----------------------
         Total | 100.0 | 100.0 | 100.0 | 100.0 | 100.0 | 2714.0
       Dungeon |  72.9 |  75.5 |   0.0 |  50.0 |  44.3 | 1638.9
          Lair |  27.1 |  24.5 | 100.0 |  50.0 |  55.7 | 5670.5
               +-------+-------+-------+-------+-------+----------------------

Table legend: (Time is in decaauts)
 A = Elapsed time spent in this place.
 B = Non-inter-level travel time spent in this place.
 C = Inter-level travel time spent in this place.
 D = Time resting spent in this place.
 E = Time spent auto-exploring this place.
 F = Levels seen in this place.
 G = Mean time per level.
                   A        B        C        D        E       F      G
               +--------+--------+--------+--------+--------+-----+--------+
         Total |  13519 |  12527 |    992 |   3485 |   7134 |  15 |  901.3 |
       Dungeon |  11216 |  10287 |    929 |   2886 |   5920 |  11 | 1019.6 |
          Lair |   2302 |   2239 |     63 |    599 |   1214 |   4 |  575.5 |
               +--------+--------+--------+--------+--------+-----+--------+

Top non-repeatable levels by time:
     D:9: 1815 daAuts
    D:10: 1468 daAuts
     D:3: 1294 daAuts
     D:7: 1108 daAuts
     D:8: 1029 daAuts
     D:1: 948 daAuts
  Lair:1: 942 daAuts
     D:4: 923 daAuts
  Lair:6: 750 daAuts
    D:11: 696 daAuts
     D:5: 692 daAuts
     D:6: 641 daAuts
     D:2: 599 daAuts
  Lair:2: 589 daAuts
  Lair:3: 19 daAuts
